 Dungeon Crawl Stone Soup version 0.20.1-1-g8b1a95d (webtiles) character file.

327 Bareth the Skirmisher (level 6, -5/100 HPs)
             Began as a Troll Berserker on Dec 11, 2017.
             Was a Priest of Trog.
             Slain by Duvessa
             ... wielding a +0 short sword of electrocution
              (11 damage)
             ... on level 4 of the Dungeon on Dec 12, 2017.
             The game lasted 00:12:30 (2714 turns).

Bareth the Skirmisher (Troll Berserker)             Turns: 2714, Time: 00:12:30

Health: -5/100     AC:  6    Str: 32    XL:     6   Next: 24%
Magic:  5/5        EV: 10    Int:  3    God:    Trog [***...]
Gold:   182        SH:  0    Dex: 10    Spells: 5/5 levels left

rFire    . . .     SeeInvis .   a - +0 mace
rCold    . . .     Gourm    +   (no shield)
rNeg     . . .     Faith    .   b - +0 animal skin
rPois    .         Spirit   .   (helmet restricted)
rElec    .         Reflect  .   r - +0 cloak
rCorr    .         Harm     .   (gloves unavailable)
MR       .....                  (boots unavailable)
Stlth    ..........             (no amulet)
Regen    0.7/turn               o - ring of stealth
MPRegen  0.1/turn               (no ring)

@: berserking (expiring), very quick
A: unfitting armour, claws 3, fast metabolism 3, gourmand, regeneration 1,
shaggy fur 1, tough skin 2
a: Berserk, Trog's Hand, Burn Spellbooks, Renounce Religion


You were on level 4 of the Dungeon.
You worshipped Trog.
Trog was most pleased with you.
You were very full.

You visited 1 branch of the dungeon, and saw 4 of its levels.

You collected 182 gold pieces.

Inventory:

Hand Weapons
 a - a +0 mace (weapon)
Armour
 b - a +0 animal skin (worn)
 r - a +0 cloak (worn)
Jewellery
 o - a ring of stealth (left claw)
Scrolls
 d - a scroll of random uselessness {unknown}
 e - a scroll of enchant weapon {unknown}
 i - a scroll of fog
 j - 2 scrolls of enchant armour {unknown}
 k - 2 scrolls of magic mapping {unknown}
 m - a scroll of teleportation
 p - 2 scrolls of noise {unknown}
Potions
 g - a potion of heal wounds {unknown}
 n - a potion of curing {unknown}
 q - a potion of mutation {unknown}
Books
 l - a book of Maledictions

   Spells                             Type                      Level
   a - Corona                         Hexes                        1
   b - Ensorcelled Hibernation        Hexes/Ice                    2
   c - Confuse                        Hexes                        3
   d - Tukima's Dance                 Hexes                        3
   e - Dazzling Spray                 Conjuration/Hexes            3
   Trog disapproves of the use of such an item.
Comestibles
 c - 6 bread rations
 f - a royal jelly
 h - 3 meat rations


   Skills:
 + Level 5.9 Fighting
 - Level 2.6 Maces & Flails
 - Level 2.4 Dodging


You had 5 spell levels left.
You didn't know any spells.

Dungeon Overview and Level Annotations

Branches:
Dungeon (4/15)
 Temple: D:4-7

Altars:
Uskayaw
Vehumet
The Shining One

Annotations:
D:4 Duvessa


Innate Abilities, Weirdness & Mutations

You are too large for most types of armour.
You have claws for hands.
Your metabolism is lightning-fast.
You like to eat raw meat.
Your natural rate of healing is unusually fast.
You are covered in fur. (AC +1)
You have very tough skin. (AC +2)


Message History

You are electrocuted!
You sock Duvessa!
Duvessa is heavily wounded.
Duvessa hits you with a short sword of electrocution!
You are electrocuted!
You hit Duvessa.
Duvessa is heavily wounded.
Duvessa closely misses you.
Duvessa hits you with a short sword of electrocution!
* * * LOW HITPOINT WARNING * * *
You barely miss Duvessa.
Duvessa is heavily wounded.
Duvessa hits you with a short sword of electrocution!
* * * LOW HITPOINT WARNING * * *
You are electrocuted!
* * * LOW HITPOINT WARNING * * *
You thump Duvessa!
Duvessa is almost dead.
Duvessa hits you with a short sword of electrocution!
You die...

##. ##.. .# #... .# ...
....##.. ..#.##
.....##.####.# ..#
.....##..#..# #.##
..##..##...# ##.?####..
..#........####..)......
.....##.....##..@e#
....####(........##
#..## #...........# #..#
##..............
...###................
....##.................
###....................
##..................#
##........###......


You could see Duvessa (berserk).

Vanquished Creatures
  Dowan (D:4)
  An orc priest (D:3)
  Crazy Yiuf (D:3)
  Natasha (thrice) (D:2)
  A worker ant (D:4)
  4 adders (D:2)
  2 worms (D:3)
  2 leopard geckos (D:3)
  8 orcs
  10 bats
  A giant cockroach (D:3)
  8 goblins
  5 hobgoblins
  7 jackals
  9 kobolds
  2 quokkas
  2 ball pythons (D:1)
  3 frilled lizards
  3 rats
  3 fungi (D:3)
76 creatures vanquished.

Notes
Turn   | Place    | Note
-------+----------+-------------------------------------------
     0 | D:1      | Bareth the Troll Berserker began the quest for the Orb.
     0 | D:1      | Reached XP level 1. HP: 22/22 MP: 0/0
   524 | D:1      | Reached XP level 2. HP: 25/29 MP: 1/1
   576 | D:1      | Reached skill level 3 in Fighting
   889 | D:2      | Found a radiant altar of Vehumet.
   897 | D:2      | Noticed Natasha
   903 | D:2      | Noticed a crimson imp
   904 | D:2      | Killed Natasha
   904 | D:2      | Reached XP level 3. HP: 33/39 MP: 2/2
  1076 | D:2      | Noticed Natasha
  1082 | D:2      | Killed Natasha
  1082 | D:2      | Reached skill level 4 in Fighting
  1082 | D:2      | Reached XP level 4. HP: 48/48 MP: 3/3
  1083 | D:2      | Reached ** piety under Trog
  1403 | D:2      | Found a glowing golden altar of the Shining One.
  1605 | D:2      | Noticed Natasha
  1616 | D:2      | Killed Natasha
  1616 | D:2      | Reached XP level 5. HP: 23/55 MP: 4/4
  1965 | D:3      | Reached skill level 5 in Fighting
  2104 | D:3      | Noticed a dagger
  2105 | D:3      | Noticed a hand axe
  2114 | D:3      | Found a hide-covered altar of Uskayaw.
  2323 | D:3      | Reached *** piety under Trog
  2515 | D:3      | Found a runed door.
  2519 | D:3      | Noticed Crazy Yiuf
  2523 | D:3      | Killed Crazy Yiuf
  2658 | D:4      | Reached XP level 6. HP: 57/67 MP: 5/5
  2697 | D:4      | Noticed Dowan
  2699 | D:4      | Noticed Duvessa
  2708 | D:4      | Killed Dowan
  2714 | D:4      | Slain by Duvessa

Skill      XL: |  1  2  3  4  5 |
---------------+----------------+-----
Fighting       | 3 4 5 |  5.9
Maces & Flails | |  2.6
Dodging        | |  2.4

Action                   |  1- 3 |  4- 6 || total
-------------------------+-------+-------++-------
Melee: Mace              |    84 |   199 ||   283
Invok: Berserk           |     2 |     3 ||     5
  Use: Scroll            |       |     5 ||     5
       Potion            |       |     3 ||     3
 Stab: Sleeping          |     1 |     1 ||     2
  Eat: Chunk             |    15 |    19 ||    34
Armor: Animal skin       |    51 |   104 ||   155
Dodge: Dodged            |    75 |   137 ||   212
